 Dungeon Crawl Stone Soup version 0.28.0-53-g5a82cb258f (webtiles) character file.

Game seed: 6421486524971958710

29080 purpskrrrp the Cleaver (level 13, -12/101 HPs)
             Began as a Demonspawn Delver on June 21, 2022.
             Was an Initiate of Gozag.
             Mangled by a skeletal warrior
             ... wielding a +0 scimitar
             ... led by a skeletal warrior
              (16 damage)
             ... on level 15 of the Dungeon.
             The game lasted 02:00:18 (15519 turns).

purpskrrrp the Cleaver (Demonspawn Delver)         Turns: 15519, Time: 02:00:19

Health: -12/101    AC: 25    Str: 21    XL:     13   Next: 13%
Magic:  11/11      EV:  8    Int: 16    God:    Gozag
Gold:   2435       SH:  0    Dex: 14    Spells: 12/12 levels left

rFire   . . .      SeeInvis .   p - +8 hand axe "Xero" {freeze, rElec Will+ Int+3 Dex-2}
rCold   . . .      Faith    .   z - orb {guile}
rNeg    . . .      Spirit   .   h - +3 plate armour
rPois   +          Reflect  .   (helmet restricted)
rElec   +          Harm     .   Q - +2 cloak
rCorr   .          Rampage  .   K - +2 pair of gloves
Will    .....      Clarity  +   D - +0 pair of boots
Stlth   ..........              (no amulet)
HPRegen 0.26/turn               y - ring of flight
MPRegen 0.12/turn               C - +6 ring of strength

@: flying, invisible, unable to read
A: horns 2, powered by death 2, spiny 3, clarity, low MP 1, strong-willed 1,
poison resistance, inability to read while threatened
a: Renounce Religion, Potion Petition, Call Merchant, Bribe Branch


You were on level 15 of the Dungeon.
You worshipped Gozag.
Gozag was most pleased with you.
You visited 2 branches of the dungeon, and saw 15 of its levels.
You also visited: Ossuary.

You collected 3382 gold pieces.
You spent 287 gold pieces at shops.
You paid 660 gold pieces to Gozag.

Inventory:

Hand Weapons
 p - the +8 hand axe "Xero" (weapon) {freeze, rElec Will+ Int+3 Dex-2}
   (You found it on level 4 of the Dungeon)

   It freezes those it strikes, dealing additional cold damage.
   It can also slow down cold-blooded creatures.
   Int:       It affects your intelligence (+3).
   Dex:       It affects your dexterity (-2).
   rElec:     It insulates you from electricity.
   Will:      It increases your willpower.
 x - a +9 halberd of chaos
 E - the +10 whip of Charity {holy, rF+ rC+}
   (You found it on level 5 of the Dungeon)

   It has been blessed by the Shining One to cause great damage to the undead
   and demons.
   rF:        It protects you from fire.
   rC:        It protects you from cold.
Missiles
 t - 9 boomerangs
 G - 2 curare-tipped darts
 P - 4 boomerangs of dispersal
 T - 5 atropa-tipped darts
Armour
 h - a +3 plate armour (worn)
 i - a scarf of resistance
 z - an orb of guile (worn)
 D - a +0 pair of boots (worn)
 K - a +2 pair of gloves (worn)
 Q - a +2 cloak (worn)
Jewellery
 u - an amulet of faith
 y - a ring of flight (left hand)
 A - a ring of wizardry
 C - a +6 ring of strength (right hand)
 N - a ring of willpower
Wands
 a - a wand of flame (41)
 g - a wand of digging (3)
 J - a wand of polymorph (7)
 S - a wand of mindburst (6) (quivered)
Scrolls
 c - 3 scrolls of fog
 d - 2 scrolls of magic mapping
 e - 5 scrolls of fear
 j - a scroll of torment
 n - 3 scrolls of vulnerability
 r - 3 scrolls of teleportation
 v - 3 scrolls of silence
 L - a scroll of enchant weapon
 O - 7 scrolls of identify
Potions
 f - 5 potions of haste
 k - 4 potions of lignification
 l - a potion of ambrosia
 m - 3 potions of brilliance
 q - 6 potions of curing
 s - 2 potions of attraction
 w - 3 potions of flight
 B - 3 potions of might
 F - 2 potions of degeneration
 H - 2 potions of invisibility
 I - 3 potions of mutation
 M - 2 potions of cancellation
Miscellaneous
 b - a lightning rod (inert)
 R - a phial of floods


   Skills:
 + Level 9.3 Fighting
 + Level 12.1(12.4) Axes
 + Level 3.7(8.6) Maces & Flails
 + Level 8.9 Throwing
 + Level 9.3 Armour
 + Level 3.3 Dodging
 + Level 7.7 Stealth
 + Level 2.1 Evocations


You had 12 spell levels left.
You didn't know any spells.
Your spell library contained the following spells:

 Spells                   Type           Power      Damage    Failure   Level
 Animate Skeleton         Necr           0%         N/A       99%         1
 Apportation              Tloc           0%         N/A       99%         1
 Magic Dart               Conj           0%         1d3       99%         1
 Summon Small Mammal      Summ           0%         N/A       99%         1
 Call Imp                 Summ           0%         N/A       99%         2
 Ensorcelled Hibernation  Hex/Ice        0%         N/A       99%         2
 Frozen Ramparts          Ice            0%         1d2       100%        3
 Inner Flame              Hex/Fire       0%         N/A       100%        3
 Mephitic Cloud           Conj/Pois/Air  0%         N/A       100%        3
 Tukima's Dance           Hex            0%         N/A       100%        3
 Anguish                  Hex/Necr       0%         N/A       100%        4
 Cause Fear               Hex            0%         N/A       100%        4
 Hailstorm                Conj/Ice       0%         3d3       100%        4
 Ice Form                 Ice/Tmut       0%         N/A       100%        4
 Summon Ice Beast         Ice/Summ       0%         N/A       100%        4
 Alistair's Intoxication  Tmut/Pois      0%         N/A       100%        5
 Borgnjor's Vile Clutch   Necr/Erth      0%         N/A       100%        5
 Freezing Cloud           Conj/Ice/Air   0%         6-21      100%        5
 Metabolic Englaciation   Hex/Ice        0%         N/A       100%        5
 Eringya's Noxious Bog    Tmut/Pois      0%         N/A       100%        6
 Simulacrum               Ice/Necr       0%         N/A       100%        6
 Discord                  Hex            0%         N/A       100%        8
 Polar Vortex             Ice            0%         N/A       100%        9


Dungeon Overview and Level Annotations

Branches:
Dungeon (15/15)            Temple (1/1) D:5            Lair (0/6) D:9
    Orc (0/2) D:10         Depths (0/4) D:15        Ossuary (visited)
 Vaults: D:13-14

Altars:
Ashenzari
Cheibriados
Dithmenos
Elyvilon
Fedhas
Gozag
Hepliaklqana
Kikubaaqudgha
Makhleb
Nemelex Xobeh
Okawaru
Qazlal
Ru
Sif Muna
Trog
Uskayaw
Vehumet
Wu Jian
Xom
Yredelemnul
Zin
The Shining One

Shops:
D:6 ?   D:8 [   D:9 :


Innate Abilities, Weirdness & Mutations

You have a pair of horns on your head.
You regenerate health from kills.
You are completely covered in sharp spines.
You possess an exceptional clarity of mind.
Your magical capacity is low. (-10% MP)
You are strong-willed. (Will+)
Your system is resistant to poisons. (rPois)
You sometimes lose the ability to read scrolls when taking damage.


Message History

The skeletal warrior hits you from afar with a +0 glaive.
The fire elemental hits you. The fire elemental burns you!
The fire elemental is distracted by your dazzling golden aura.
The skeletal warrior is struck by your spines.
The skeletal warrior hits you with a +0 long sword!
* * * LOW HITPOINT WARNING * * *
The deep elf pyromancer gestures at you while chanting.
The bolt of fire hits you but does no damage.
The skeletal warrior barely misses you.
The deep elf pyromancer casts a spell at you.
The sticky flame hits you.
You are covered in liquid flames!
* * * LOW HITPOINT WARNING * * *
You are covered in liquid flames!
* * * LOW HITPOINT WARNING * * *
The fire elemental is no longer distracted by gold.
The skeletal warrior is distracted by your dazzling golden aura.
You feel better.
You are covered in liquid flames!
* * * LOW HITPOINT WARNING * * *
You are no longer on fire.
The fire elemental is distracted by your dazzling golden aura.
The skeletal warrior hits you but does no damage.
You feel better.
The skeletal warrior hits you with a +0 scimitar!
* * * LOW HITPOINT WARNING * * *
Aiming: Mindburst
Press: ? - help, Q - select action, (/) - cycle Shift-Dir - straight line, f - skeletal warrior, p - skeletal warrior
Aim: a skeletal warrior, wielding a +0 scimitar (chance to affect: 73%)
The skeletal warrior's mind is blasted!
The fire elemental is no longer distracted by gold.
The skeletal warrior is struck by your spines.
The skeletal warrior hits you with a +0 scimitar!
* * * LOW HITPOINT WARNING * * *
You cannot read scrolls in your current state!
You fade into invisibility!
The skeletal warrior is no longer distracted by gold.
The skeletal warrior hits you with a +0 scimitar!
You die...
Your body crumbles into a pile of gold.

*********#####################***
,,,,,,,,,.......@zzzz.........,,,
*****,,,,.....####eE..........,,,
*,,,,...,,* #.°..........,,,
*,,,,.,,,,* #............,,,
*****,,,,,,,,,***#............,,,
,,,,,,,,,,,,,,,,..............,,,
,,,,,,*+*******#############..,,,
,,,,,,*,,,,,,,,,,,,,* *.),,,
*,,,,,*,,,,,,,,,,,,,* *,****


You could see 4 skeletal warriors, a deep elf pyromancer and a fire elemental
(summoned).

Vanquished Creatures
  2 boulder beetles (D:12)
  An ogre mage (D:12)
  A hydra (D:15)
  10 two-headed ogres
  A tengu warrior (D:15)
  Sonja (D:11)
  A deep elf pyromancer (D:9)
  3 ugly things (D:12)
  2 manticores (D:12)
  3 cyclopes
  An elephant (D:9)
  Joseph (D:9)
  2 gargoyles (D:12)
  Psyche (D:8)
  An unseen horror (D:11)
  Maggie (D:9)
  A tengu conjurer (D:15)
  8 trolls
  A merfolk (D:10)
  A hornet (D:11)
  A blink frog (shapeshifter) (D:11)
  5 slime creatures (D:12)
  A meliai zombie (D:11)
  A shadow (D:12)
  14 yaks
  5 wyverns
  A basilisk (D:9)
  2 wraiths (D:10)
  A yak (shapeshifter) (D:13)
  A hog (D:10)
  5 vampire mosquitoes (D:13)
  A water moccasin (D:8)
  9 black bears
  2 necrophages
  4 orc warriors
  8 ogres
  8 centaurs
  8 bullfrogs
  4 kobold brigands (D:10)
  3 scorpions
  4 water moccasin zombies (Ossuary)
  8 killer bees
  3 wights (D:8)
  7 electric eels (D:10)
  6 howler monkeys
  A bullfrog zombie (D:7)
  4 centaur zombies
  3 jellies
  2 hounds (D:7)
  5 gnoll shamans
  7 orc priests
  A centaur skeleton (D:7)
  11 orc wizards
  An iguana (D:6)
  A killer bee zombie (D:6)
  4 hound zombies (D:4)
  A hound skeleton (D:4)
  3 mummies
  5 howler monkey zombies
  7 adders
  13 gnolls
  A shadow imp (D:6)
  A white imp (D:5)
  An ufetubus (D:5)
  A worm (D:3)
  2 adder skeletons (D:4)
  7 adder zombies
  A dart slug (D:1)
  16 orcs
  8 endoplasms
  4 giant cockroaches
  5 gnoll zombies (Ossuary)
  11 goblins
  3 hobgoblins
  4 jackals
  3 quokkas
  9 ball pythons
  5 bats
  6 frilled lizards
  7 hobgoblin zombies (Ossuary)
  11 kobolds
  2 kobold zombies (Ossuary)
  4 orc zombies (Ossuary)
  2 rats
338 creatures vanquished.

Vanquished Creatures (others)
  61 plants
  A withered plant (D:4)
62 creatures vanquished.

Grand Total: 400 creatures vanquished

Notes
Turn   | Place    | Note
-------+----------+-------------------------------------------
     0 | D:5      | purpskrrrp the Demonspawn Delver began the quest for the
                  | Orb.
     0 | D:5      | Reached XP level 1. HP: 18/18 MP: 1/1
    30 | D:5      | Noticed a necrophage
    89 | D:5      | Noticed a scorpion
   121 | D:4      | Gained mutation: You regenerate a little health from kills.
                  | [demonic ancestry]
   121 | D:4      | Reached XP level 2. HP: 16/24 MP: 2/2
   420 | D:4      | Found a hazy altar of Hepliaklqana.
   463 | D:4      | Reached skill level 5 in Stealth
   463 | D:4      | Gained mutation: You are partially covered in sharp spines.
                  | [demonic ancestry]
   463 | D:4      | Reached XP level 3. HP: 25/29 MP: 3/3
   606 | D:4      | Gained mutation: You regenerate health from kills. [demonic
                  | ancestry]
   606 | D:4      | Reached XP level 4. HP: 17/35 MP: 4/4
   747 | D:4      | Reached skill level 1 in Armour
   879 | D:4      | Identified the +8 hand axe "Xero" {freeze, rElec Will+
                  | Int+3 Dex-2}
   957 | D:4      | Noticed a necrophage
   976 | D:4      | Killed a necrophage
   977 | D:4      | Reached XP level 5. HP: 41/42 MP: 5/5
  1066 | D:4      | Gained mutation: You are mostly covered in sharp spines.
                  | [demonic ancestry]
  1066 | D:4      | Reached XP level 6. HP: 44/48 MP: 6/6
  1966 | D:3      | Reached skill level 1 in Axes
  2130 | D:3      | Found an ancient bone altar of Kikubaaqudgha.
  2132 | D:3      | Found an opulent altar of Gozag.
  2253 | D:3      | Became a worshipper of Gozag Ym Sagoz the Greedy
  4242 | D:5      | Found a staircase to the Ecumenical Temple.
  4247 | D:5      | Reached XP level 7. HP: 53/53 MP: 7/7
  4270 | D:5      | Reached skill level 2 in Axes
  4542 | D:5      | Reached skill level 3 in Axes
  4843 | D:5      | Reached XP level 8. HP: 60/60 MP: 8/8
  4860 | D:5      | Identified the +10 whip of Charity {holy, rF+ rC+}
  5273 | Temple   | Entered the Ecumenical Temple
  5367 | D:6      | Reached skill level 4 in Axes
  5534 | D:6      | Found an ornate altar of the Wu Jian Council.
  5608 | D:6      | Reached skill level 1 in Throwing
  5713 | D:6      | Found a bloodstained altar of Trog.
  5762 | D:6      | Found an iron altar of Okawaru.
  5901 | D:6      | Found a snail-covered altar of Cheibriados.
  6163 | D:6      | Found Vohaprang's Magic Scroll Boutique.
  6300 | D:6      | Gained mutation: Your body sometimes deteriorates upon
                  | taking damage. [potion of mutation]
  6300 | D:6      | Gained mutation: You sometimes lose the ability to read
                  | scrolls when taking damage. [potion of mutation]
  6300 | D:6      | Gained mutation: Your magical capacity is low. (-10% MP)
                  | [potion of mutation]
  6300 | D:6      | Gained mutation: Your flesh is cold resistant. (rC+)
                  | [potion of mutation]
  6362 | D:7      | Found a sand-covered staircase.
  6374 | Ossuary  | Entered an ossuary
  6437 | Ossuary  | Reached skill level 5 in Axes
  6508 | Ossuary  | Gained mutation: You have a pair of small horns on your
                  | head. [demonic ancestry]
  6508 | Ossuary  | Reached XP level 9. HP: 64/67 MP: 8/8
  6568 | Ossuary  | Lost mutation: Your body sometimes deteriorates upon taking
                  | damage. [potion of mutation]
  6568 | Ossuary  | Lost mutation: Your flesh is cold resistant. (rC+) [potion
                  | of mutation]
  6568 | Ossuary  | Gained mutation: Your system is resistant to poisons.
                  | (rPois) [potion of mutation]
  6568 | Ossuary  | Gained mutation: You possess an exceptional clarity of
                  | mind. [potion of mutation]
  6568 | Ossuary  | Gained mutation: You are strong-willed. (Will+) [potion of
                  | mutation]
  7177 | D:7      | Reached skill level 5 in Fighting
  7333 | D:6      | Bought a scroll of fear for 49 gold pieces
  7333 | D:6      | Bought a scroll of fog for 28 gold pieces
  7333 | D:6      | Bought a scroll of enchant weapon for 105 gold pieces
  7333 | D:6      | Bought a scroll of identify for 28 gold pieces
  7333 | D:6      | Bought a scroll of identify for 28 gold pieces
  7333 | D:6      | Bought a scroll of fear for 49 gold pieces
  7376 | D:8      | Reached skill level 6 in Axes
  7416 | D:8      | Found a broken altar of Ashenzari.
  8093 | D:8      | Reached skill level 7 in Axes
  8145 | D:8      | Noticed Psyche
  8153 | D:8      | Killed Psyche
  8555 | D:9      | Noticed a deep elf pyromancer
  8558 | D:9      | Reached skill level 5 in Armour
  8568 | D:9      | Killed a deep elf pyromancer
  8569 | D:9      | Reached XP level 10. HP: 47/75 MP: 9/9
  8730 | D:9      | Noticed Joseph
  8742 | D:9      | Killed Joseph
  8743 | D:9      | Reached skill level 5 in Throwing
  8902 | D:9      | Noticed Maggie
  8922 | D:9      | Killed Maggie
  8923 | D:9      | Reached skill level 1 in Evocations
  8958 | D:9      | Noticed an elephant
  8973 | D:9      | Killed an elephant
  8974 | D:9      | Reached skill level 8 in Axes
  9123 | D:9      | Found a staircase to the Lair.
  9572 | D:9      | Found Pierph's Book Shoppe.
 10121 | D:10     | Entered Level 10 of the Dungeon
 10176 | D:10     | Found a staircase to the Orcish Mines.
 10711 | D:10     | Gained mutation: You are completely covered in sharp
                  | spines. [demonic ancestry]
 10711 | D:10     | Reached XP level 11. HP: 82/83 MP: 9/9
 10718 | D:10     | Found an ornate altar of the Wu Jian Council.
 10731 | D:10     | Reached skill level 9 in Axes
 10796 | D:10     | Noticed a two-headed ogre
 10809 | D:10     | Killed a two-headed ogre
 11837 | D:10     | Noticed a two-headed ogre
 11837 | D:10     | Noticed a two-headed ogre
 11922 | D:10     | Killed a two-headed ogre
 12026 | D:10     | Killed a two-headed ogre
 12114 | D:10     | Got the Tome of Fetching Contamination
 12218 | D:10     | Reached skill level 10 in Axes
 12798 | D:11     | Noticed Sonja
 12827 | D:11     | Killed Sonja
 12908 | D:11     | Gained mutation: You have a pair of horns on your head.
                  | [demonic ancestry]
 12908 | D:11     | Reached XP level 12. HP: 92/92 MP: 10/10
 13362 | D:11     | Noticed a two-headed ogre
 13369 | D:11     | Killed a two-headed ogre
 13597 | D:12     | Noticed a two-headed ogre
 13597 | D:12     | Noticed a two-headed ogre
 13597 | D:12     | Noticed a two-headed ogre
 13597 | D:12     | Noticed a two-headed ogre
 13598 | D:12     | Noticed an ogre mage
 13599 | D:12     | Noticed a two-headed ogre
 13620 | D:12     | Killed a two-headed ogre
 13629 | D:12     | Killed a two-headed ogre
 13633 | D:12     | Killed a two-headed ogre
 13634 | D:12     | Reached skill level 11 in Axes
 13639 | D:12     | Paralysed by something for 2 turns
 13640 | D:12     | Killed a two-headed ogre
 13651 | D:12     | Killed an ogre mage
 13651 | D:12     | Killed a two-headed ogre
 14005 | D:12     | Noticed a boulder beetle
 14489 | D:12     | Noticed a boulder beetle
 14524 | D:12     | Killed a boulder beetle
 14797 | D:12     | Killed a boulder beetle
 14833 | D:12     | Found an ancient bone altar of Kikubaaqudgha.
 15019 | D:12     | Reached skill level 12 in Axes
 15294 | D:13     | Reached XP level 13. HP: 101/101 MP: 11/11
 15321 | D:13     | You are sucked into a shaft and drop 2 floors!
 15321 | D:15     | Entered Level 15 of the Dungeon
 15518 | D:15     | HP: 4/101 [skeletal warrior/+0 scimitar[a skeletal warrior]
                  | (10)]
 15519 | D:15     | Mangled by a skeletal warrior

Illustrated notes

Levels and vault maps discovered:
D:1:      scummos_arrival_simple_fountains, layout_loops_corners
D:2:      kennysheep_six_static_rooms, layout_rooms,
          nicolae_concentric_dashed_squares_mild
D:3:      minmay_bubble_buster, layout_basic, lemuel_crystal_altar,
          nicolae_overflow_hidden_temple, nicolae_elevator_lobby_plus
D:4:      layout_basic, lemuel_tele_altar, serial_undead, serial_undead_e,
          serial_undead_c, serial_undead_f, serial_undead_c
D:5:      layout_loops_ring, temple_pool_b
D:6:      layout_gridville, mainiacjoe_overflow_catwalk,
          mainiacjoe_overflow_six_doors_small, bloody_trog, kennysheep_mini,
          nicolae_overflow_crystal_walls, serial_shops, nicolae_take_the_stairs
D:7:      layout_loops_ring, gup_ossuary_entry_pyramid, nrook_uturn
D:8:      layout_cave_pods, mainiacjoe_overflow_alcove_1, uniq_psyche
D:9:      layout_layer_cave, david_lair_generic, serial_shops,
          nicolae_shop_hallway_stairs, uniq_maggie, uniq_joseph
D:10:     kennysheep_town
D:11:     layout_small_grid, uniq_sonja
D:12:     layout_roguey, minmay_ruined_shrine
D:13:     layout_basic, gauntlet_entry_generic
D:15:     grunt_enter_depths_snipers, layout_stronghold, uniq_azrael
Temple:   nicolae_temple_x_marks_the_god

Skill      XL: |  1  2  3  4  5  6  7  8  9 10 11 12 |
---------------+-------------------------------------+-----
Maces & Flails | 2 3 |  3.7
Stealth        | 5 6 7 |  7.7
Dodging        | 2 3 |  3.3
Armour         | 1 2 4 5 6 7 9 |  9.3
Axes           | 1 3 5 7 8 10 12 | 12.1
Fighting       | 4 5 6 7 9 |  9.3
Throwing       | 3 4 6 7 8 |  8.9
Evocations     | 1 2 |  2.1

Action                   |  1- 3 |  4- 6 |  7- 9 | 10-12 | 13-15 || total
-------------------------+-------+-------+-------+-------+-------++-------
Melee: Mace              |    58 |    11 |       |       |       ||    69
       Hand axe          |       |    78 |   215 |   421 |    29 ||   743
       Punch             |       |     2 |       |       |       ||     2
       Headbutt          |       |       |    20 |    87 |     9 ||   116
Throw: Boomerang         |       |     2 |    77 |    93 |       ||   172
       Dart              |       |       |       |    16 |     1 ||    17
Invok: Call Merchant     |       |       |     1 |       |       ||     1
Evoke: Wand              |       |       |     2 |    11 |     2 ||    15
       Lightning rod     |       |       |       |     4 |       ||     4
  Use: Scroll            |       |     3 |    15 |    14 |     2 ||    34
       Potion            |       |       |     2 |     7 |     4 ||    13
 Stab: Sleeping          |       |    25 |       |       |       ||    25
       Distracted        |       |       |     2 |     4 |       ||     6
Armor: Ring mail         |    29 |     3 |       |       |       ||    32
       Leather armour    |       |     8 |       |       |       ||     8
       Plate armour      |       |     1 |    85 |   250 |    38 ||   374
       Robe              |       |     1 |       |       |       ||     1
       Skin              |       |       |       |     9 |       ||     9
Dodge: Dodged            |    56 |    28 |    57 |   112 |    21 ||   274
